[Event "Open NK Rapid 2025 bord 26-50"]
[Site "Helmond, Netherlands"]
[Date "2025.05.03"]
[Round "9.24"]
[White "Drager, Jason"]
[Black "De Oude, Sybe"]
[Result "0-1"]
[TimeControl "15 min +5 sec increment"]
[WhiteFideId "40111016"]
[BlackFideId "40110052"]
[WhiteElo "1488"]
[BlackElo "1914"]

1. d4 f5 2. e4 e6 3.
Bd3 fxe4 4. Bxe4 Nf6 5. Nc3 Be7 6. Bg5 Nxe4 7. Bxe7 Nxc3 8. Qh5+ Kxe7 9. Qc5+ d6 10. Qxc3 Nc6 11. Qg3 Qf8 12.
O-O-O Qf6 13. d5 exd5 14. Rxd5 Be6 15. Rg5 g6 16. Nf3 Rhf8 17. Re1 Qf4+ 18. Kb1 Qxg3 19. Rxg3 Rf5 20. Ng5 Re5 21.
Rge3 Rxg5 22. Rxe6+ Kf7 23. g3 Re5 24. R6xe5 Nxe5 25. f4 Nc6 26. c3 Re8 27. Rf1 Re2 28. h4 Rg2 29. Rf3 Kf6 30. a4 Kf5 31. Rd3 Ke4 32. Rd1 Rxg3 33. Re1+ Kxf4 0-1

[Event "Open NK Rapid 2025 bord 26-50"]
[Site "Helmond, Netherlands"]
[Date "2025.05.03"]
[Round "9.25"]
[White "SuiÃ§mez, Alkan"]
[Black "Van Ree, Thailo"]
[Result "0-1"]
[TimeControl "15 min +5 sec increment"]
[WhiteFideId "40109909"]
[BlackFideId "40102181"]
[WhiteElo "1615"]
[BlackElo "1877"]

1. d4 Nf6 2. c4 Nc6 3.
Nf3 e6 4. Bg5 Bb4+ 5. Nc3 h6 6. Bxf6 Bxc3+ 7. bxc3 Qxf6 8. e4 e5 9. Be2 O-O 10. O-O d6 11. a4 Bg4 12. d5 Na5 13.
Qd3 Bxf3 14. Bxf3 b6 15. Rfe1 Nb3 16. Ra3 Nc5 17. Qc2 a5 18. Re3 Qg6 19. Be2 f5 20. Rg3 Qf6 21. exf5 Qxf5 22.
Qxf5 Rxf5 23. Bg4 Rf4 24. Be2 Raf8 25. Rf3 Ne4 26. Rxf4 Rxf4 27. f3 Nd2 28. c5 bxc5 29. Ra2 Nb3 30.
g3 Nc1 31. gxf4 Nxa2 32. c4 exf4 33. Kf2 Nc3 34. Bd3 Nxa4 35. Bc2 Nb6 36. Bd3 a4 37. Bb1 Nxc4 38. Ke2 Kf7 39. Kd3 Ne5+ 40. Ke4 g5 41. Kf5 Nxf3 0-1